 Dungeon Crawl Stone Soup version 0.26.1-11-gd32895ea62 (webtiles) character file.

Game seed: 16587069215774134918

5376 Hodglim the Geomancer (level 10, 0/56 HPs)
             Began as a Gargoyle Earth Elementalist on Apr 21, 2021.
             Was a Priest of Vehumet.
             Slain by Urug
             ... wielding a +5 battleaxe
              (30 damage)
             ... on level 9 of the Dungeon on Apr 22, 2021.
             The game lasted 01:39:15 (12893 turns).

Hodglim the Geomancer (GrEE)                       Turns: 12893, Time: 01:39:15

Health: 0/56       AC: 10    Str: 12    XL:     10   Next: 66%
Magic:  0/28       EV: 17    Int: 19    God:    Vehumet [***...]
Gold:   257        SH:  0    Dex: 10    Spells: 9/22 levels left

rFire    + . .     SeeInvis .   a - +2 mace (protect)
rCold    . . .     Faith    .   (no shield)
rNeg     + . .     Spirit   .   M - +1 robe of Hedge Wizardry {rF+}
rPois    ∞         Reflect  .   (no helmet)
rElec    +         Harm     .   (no cloak)
rCorr    .         Rampage  .   (no gloves)
Will     .....                  (no boots)
Stlth    ++........             u - amulet of regeneration
HPRegen  0.58/turn              B - +4 ring of evasion
MPRegen  0.21/turn              I - ring of magical power

@: no status effects
A: negative energy resistance 1, electricity resistance, unbreathing,
petrification resistance, miasma immunity, AC +7
a: Renounce Religion


You were on level 9 of the Dungeon.
You worshipped Vehumet.
Vehumet was most pleased with you.
You visited 2 branches of the dungeon, and saw 11 of its levels.

You collected 708 gold pieces.
You spent 451 gold pieces at shops.

Inventory:

Hand Weapons
 a - a +2 mace of protection (weapon)
 b - a +0 morningstar
Missiles
 m - 32 boomerangs (quivered)
 o - 272 stones
Armour
 g - a +0 buckler
 M - the +1 robe of Hedge Wizardry (worn) {rF+}
   (You found it on level 10 of the Dungeon)

   It protects you from fire.
Jewellery
 u - an amulet of regeneration (around neck)
 A - an uncursed ring of ice
 B - a +4 ring of evasion (left hand)
 I - a ring of magical power (right hand)
Wands
 t - a wand of iceblast (16)
 y - a wand of flame (18)
 D - a wand of disintegration (22)
 G - a wand of enslavement (8)
 K - a wand of polymorph (7)
Scrolls
 c - a scroll of identify
 e - 3 scrolls of immolation
 i - 4 scrolls of amnesia
 j - 2 scrolls of blinking
 n - 4 scrolls of remove curse
 p - 4 scrolls of fog
 s - 7 scrolls of teleportation
 z - 2 scrolls of fear
 C - 3 scrolls of enchant armour
Potions
 d - a potion of might {unknown}
 f - 2 potions of flight
 h - 6 potions of haste
 k - a potion of degeneration {unknown}
 l - 3 potions of lignification
 q - 3 potions of invisibility
 r - 6 potions of curing
 v - 2 potions of brilliance
 w - 3 potions of resistance
 x - a potion of attraction {unknown}
 E - 2 potions of cancellation {unknown}
 F - a potion of ambrosia {unknown}
 H - a potion of mutation {unknown}
 L - 2 potions of heal wounds


   Skills:
 + Level 3.9 Fighting
 + Level 3.7 Maces & Flails
 + Level 3.9 Armour
 + Level 3.4 Dodging
 - Level 2.1 Stealth
 + Level 3.8 Shields
 + Level 6.6 Spellcasting
 + Level 7.0 Conjurations
 - Level 0.7 Transmutations
 + Level 3.5 Fire Magic
 + Level 9.0 Earth Magic
 + Level 3.2 Evocations


You had 9 spell levels left.
You knew the following spells:

 Your Spells              Type           Power        Failure   Level
a - Sandblast             Erth           80%          1%          1
b - Stone Arrow           Conj/Erth      72%          1%          3
c - Lee's Rapid Deconstr  Erth           20%          1%          5
d - Conjure Flame         Conj/Fire      26%          1%          3
e - Foxfire               Conj/Fire      100%         1%          1

Your spell library contained the following spells:

 Spells                   Type           Power        Failure   Level
 Frozen Ramparts          Ice            12%          9%          3
 Magic Dart               Conj           100%         1%          1
 Passwall                 Tmut/Erth      20%          2%          2
 Mephitic Cloud           Conj/Pois/Air  15%          3%          3
 Animate Skeleton         Necr           12%          11%         1
 Apportation              Tloc           12%          11%         1
 Corona                   Hex            6%           11%         1
 Pain                     Necr           24%          11%         1
 Summon Small Mammal      Summ           24%          11%         1
 Petrify                  Tmut/Erth      24%          14%         4
 Blink                    Tloc           N/A          16%         2
 Call Imp                 Summ           6%           16%         2
 Slow                     Hex            6%           16%         2
 Vampiric Draining        Necr           3%           32%         3
 Animate Dead             Necr           3%           71%         4
 Agony                    Necr           6%           96%         5


Dungeon Overview and Level Annotations

Branches:
Dungeon (10/15)            Temple (1/1) D:7             Orc (0/2) D:9
   Lair: D:8-11

Altars:
Ashenzari
Cheibriados
Dithmenos
Elyvilon
Fedhas
Gozag
Hepliaklqana
Kikubaaqudgha
Makhleb
Nemelex Xobeh
Okawaru
Qazlal
Ru
Sif Muna
Trog
Uskayaw
Vehumet
Wu Jian
Xom
Yredelemnul
Zin
The Shining One

Shops:
D:4 *   D:8 !**

Annotations:
D:4 Pikel
D:8 2 transporters, Efficiency's ghost, novice BaIE
D:9 Urug
D:10 exclusion: orange crystal statue


Innate Abilities, Weirdness & Mutations

You are resistant to torment.
Your stone body is resilient. (AC +7)
You are immune to poison.
You resist negative energy. (rN+)
You are resistant to electric shocks. (rElec)
You can survive without breathing.
You are immune to petrification.
You are immune to miasma.


Message History

Urug closely misses you.
Casting: Sandblast (safe; 1% risk of failure)
Confirm with . or Enter, or press ? or * to list all spells.
Aiming: Sandblast (safe; 1% risk of failure)
Press: ? - help, Shift-Dir - straight line, f/p - Urug
Aim: Urug, wielding a +5 battleaxe and wearing a +0 plate armour (almost dead, 17% to evade)
The blast of sand misses Urug.
o - 273 stones Urug misses you.
Casting: Sandblast (safe; 1% risk of failure)
Confirm with . or Enter, or press ? or * to list all spells.
Aiming: Sandblast (safe; 1% risk of failure)
Press: ? - help, Shift-Dir - straight line, f/p - Urug
Aim: Urug, wielding a +5 battleaxe and wearing a +0 plate armour (almost dead, 17% to evade)
The blast of sand hits Urug but does no damage.
Urug is almost dead.
o - 272 stones Urug hits you with a +5 battleaxe!!
Ouch! That really hurt!
You die...

......######........##
#......
....#.#...##.########
#######
###.#.#.#.##.#....#
........#.##.#.##.#
#########.##.#.##.#
.............#.##.#
#######.#......##.#
#################.#
.>.............o@.#
###################


You could see Urug.

Vanquished Creatures
  An unseen horror (D:9)
  A wizard (D:10)
  A centaur zombie (D:9)
  A gargoyle (D:10)
  A wyvern (D:8)
  4 yaks (D:10)
  A swamp worm (D:8)
  A sky beast (D:8)
  3 ice beasts
  4 orc warriors
  2 ogres
  4 centaurs
  A lemure (D:3)
  A big kobold (D:9)
  5 bullfrogs
  A gnoll sergeant (D:10)
  A scorpion (D:8)
  A howler monkey (D:10)
  5 wights (D:6)
  A jelly (D:7)
  3 hounds
  6 orc priests
  11 orc wizards
  A bullfrog skeleton (D:8)
  Ijyb (D:3)
  2 iguanas
  6 worker ants
  2 hound skeletons
  4 gnolls (D:10)
  6 adders
  2 howler monkey skeletons
  2 white imps (D:9)
  3 ufetubi
  2 oozes
  2 adder zombies
  3 worms
  A dart slug (D:3)
  4 leopard geckos
  55 orcs
  11 bats
  4 giant cockroaches
  7 goblins
  6 hobgoblins
  6 jackals
  10 kobolds
  2 quokkas (D:6)
  A ball python (D:1)
  9 frilled lizards
  A jackal skeleton (D:6)
  A quokka zombie (D:7)
  9 rats
223 creatures vanquished.

Vanquished Creatures (others)
  4 foxfires (D:8)
  8 plants (D:5)
12 creatures vanquished.

Grand Total: 235 creatures vanquished

Notes
Turn   | Place    | Note
-------+----------+-------------------------------------------
     0 | D:1      | Hodglim the Gargoyle Earth Elementalist began the quest for
                  | the Orb.
     0 | D:1      | Reached XP level 1. HP: 10/10 MP: 3/3
   322 | D:1      | Reached skill level 4 in Earth Magic
   322 | D:1      | Reached XP level 2. HP: 15/15 MP: 5/5
  1430 | D:2      | Reached XP level 3. HP: 9/19 MP: 1/6
  1736 | D:2      | Learned a level 3 spell: Stone Arrow
  1969 | D:2      | Found an ancient bone altar of Kikubaaqudgha.
  2233 | D:3      | Reached skill level 1 in Conjurations
  2320 | D:3      | Reached XP level 4. HP: 22/24 MP: 8/8
  2710 | D:3      | Found an ornate altar of the Wu Jian Council.
  2710 | D:3      | Noticed Ijyb
  2723 | D:3      | Killed Ijyb
  2963 | D:3      | Reached skill level 5 in Earth Magic
  3024 | D:3      | Reached XP level 5. HP: 24/28 MP: 2/10
  3370 | D:3      | Found a shadowy altar of Dithmenos.
  3372 | D:3      | Found an opulent altar of Gozag.
  3372 | D:3      | Found a glowing silver altar of Zin.
  3372 | D:3      | Found a basalt altar of Yredelemnul.
  3374 | D:3      | Found a glowing golden altar of the Shining One.
  3375 | D:3      | Found a hide-covered altar of Uskayaw.
  3432 | D:3      | Learned a level 5 spell: Lee's Rapid Deconstruction
  3709 | D:4      | Found a burning altar of Makhleb.
  3745 | D:4      | Found an opulent altar of Gozag.
  3771 | D:4      | Noticed Pikel
  3771 | D:4      | Noticed a lemure
  3771 | D:4      | Noticed a lemure
  3771 | D:4      | Noticed a lemure
  3801 | D:4      | Noticed a lemure
  3831 | D:3      | Killed a lemure
  4030 | D:4      | Found Gozag's Platinum Reserve.
  4439 | D:5      | Entered Level 5 of the Dungeon
  4751 | D:5      | Reached XP level 6. HP: 25/32 MP: 7/11
  5598 | D:6      | Reached skill level 6 in Earth Magic
  5719 | D:6      | Reached XP level 7. HP: 19/36 MP: 7/13
  6053 | D:6      | Found a sparkling altar of Nemelex Xobeh.
  6112 | D:6      | Found a broken altar of Ashenzari.
  6112 | D:6      | Found a radiant altar of Vehumet.
  6131 | D:6      | Became a worshipper of Vehumet
  6727 | D:6      | Reached skill level 5 in Spellcasting
  6727 | D:6      | Reached skill level 7 in Earth Magic
  6807 | D:7      | Reached XP level 8. HP: 24/41 MP: 8/15
  6810 | D:7      | Reached skill level 5 in Conjurations
  6924 | D:7      | Found a staircase to the Ecumenical Temple.
  6940 | Temple   | Entered the Ecumenical Temple
  7889 | D:7      | Reached * piety under Vehumet
  7889 | D:7      | Offered knowledge of Foxfire by Vehumet.
  7898 | D:7      | Learned a level 3 spell: Conjure Flame
  7900 | D:7      | Learned a level 1 spell: Foxfire
  8035 | D:8      | Found a shimmering altar of Xom.
  8035 | D:8      | Found a shimmering altar of Xom.
  8123 | D:8      | Noticed Erica
  8275 | D:8      | Found a transporter.
  8275 | D:8      | Identified the +10 great mace of Gazaroad {holy, +Blink rF+
                  | MP-9 Dex+5}
  8275 | D:8      | Noticed a two-headed ogre
  8275 | D:8      | Noticed Efficiency's ghost (novice BaIE)
  8283 | D:8      | Found a transporter.
  8399 | D:8      | Reached skill level 1 in Fighting
  8399 | D:8      | Reached skill level 1 in Armour
  8399 | D:8      | Reached skill level 1 in Shields
  8473 | D:8      | Found Otawas's Distillery.
  8473 | D:8      | Noticed a wyvern
  8509 | D:8      | Killed a wyvern
  8510 | D:8      | Reached skill level 1 in Maces & Flails
  8510 | D:8      | Reached skill level 1 in Fire Magic
  8510 | D:8      | Reached skill level 1 in Evocations
  8513 | D:8      | Reached skill level 8 in Earth Magic
  8614 | D:8      | Bought a potion of brilliance for 52 gold pieces
  8614 | D:8      | Bought a potion of curing for 39 gold pieces
  8614 | D:8      | Bought a potion of heal wounds for 65 gold pieces
  8618 | D:8      | Found Sascher's General Store.
  8640 | D:8      | Reached XP level 9. HP: 48/48 MP: 9/17
  8700 | D:8      | Found a shimmering altar of Xom.
  8701 | D:8      | Found a shimmering altar of Xom.
  8705 | D:8      | Found a shimmering altar of Xom.
  8922 | D:8      | Noticed a death knight
  9065 | D:8      | Noticed a shock serpent
  9074 | D:8      | a death knight changed into a swamp worm
  9308 | D:8      | Found Fuwonor's General Store.
  9367 | D:8      | Bought a scroll of identify for 28 gold pieces
  9367 | D:8      | Bought a scroll of fear for 49 gold pieces
  9367 | D:8      | Bought a +2 mace of protection for 218 gold pieces
  9387 | D:8      | Noticed Erica
  9387 | D:8      | Erica changed into Erica the ice beast
  9393 | D:8      | Killed Erica the ice beast
  9535 | D:8      | Noticed a water nymph
  9535 | D:8      | Noticed a harpy
  9547 | D:8      | Noticed a cane toad
  9658 | D:8      | Noticed a death drake
  9979 | D:9      | Found a staircase to the Orcish Mines.
 10119 | D:9      | Reached ** piety under Vehumet
 10119 | D:9      | Offered knowledge of Freeze by Vehumet.
 10489 | D:9      | Offered knowledge of Searing Ray by Vehumet.
 10854 | D:9      | Reached *** piety under Vehumet
 11456 | D:10     | Entered Level 10 of the Dungeon
 11456 | D:10     | Noticed a wizard
 11539 | D:9      | Reached XP level 10. HP: 48/56 MP: 19/19
 11558 | D:10     | Got an ancient robe
 11575 | D:9      | Identified the +1 robe of Hedge Wizardry {rF+} (You found
                  | it on level 10 of the Dungeon)
 11925 | D:10     | Noticed a gargoyle
 12291 | D:10     | Noticed Urug
 12350 | D:10     | Noticed a wizard
 12358 | D:10     | Killed a wizard
 12363 | D:10     | Noticed a wizard
 12517 | D:10     | Killed a gargoyle
 12571 | D:10     | Noticed an orange crystal statue
 12591 | D:10     | Offered knowledge of Frozen Ramparts by Vehumet.
 12592 | D:10     | Reached skill level 9 in Earth Magic
 12718 | D:10     | Noticed a +6 long sword
 12811 | D:9      | Killed an unseen horror
 12893 | D:9      | Slain by Urug

Illustrated notes

Levels and vault maps discovered:
D:1:      beargit_arrival_greenhouse, layout_basic, wad_floor_pattern_untrapped,
          serial_park_tiny_1, serial_bayou_pond_e, grunt_decor_one_mirror
D:2:      layout_rooms, kiku_gazebo_pond_becter, serial_glass, glass_columns_c,
          glass_columns_a, minivault_27
D:3:      layout_loops_ring, minitemple, uniq_ijyb
D:4:      layout_loops_ring, nicolae_overflow_crystal_walls,
          minmay_fountain_box, amcnicky_mini_corridor_feature,
          kennysheep_another_room, nicolae_gozag_zags_fifth_avenue, uniq_pikel
D:5:      layout_basic, minmay_lizard_king
D:6:      layout_rooms, chequers_temple_overflow_statue_of_worship,
          nemelex_spade_bored_becter
D:7:      corexii_shack_village, layout_loops_ring,
          minmay_temple_entry_junction_2, st_stairs_4
D:8:      layout_rooms, gammafunk_ghost_smash, serial_shops,
          nicolae_shop_statue_plus, shop, nicolae_shop_waterfront,
          minmay_stone_trees_small, xom_shifter_show, uniq_erica
D:9:      layout_basic, hiddenorc2_lemuel
D:10:     minmay_separated_statues, layout_loops_ring, sword_in_stone
Temple:   chequers_temple_sunken

Skill      XL: |  1  2  3  4  5  6  7  8  9 10 |
---------------+-------------------------------+-----
Earth Magic    | 4 5 6 7 8 9 |  9.0
Conjurations   | 1 2 3 4 5 6 7 |  7.0
Spellcasting   | 3 4 5 6 |  6.6
Fighting       | 1 3 |  3.9
Armour         | 1 3 |  3.9
Shields        | 1 3 |  3.8
Maces & Flails | 1 2 3 |  3.7
Dodging        | 2 3 |  3.4
Fire Magic     | 1 2 3 |  3.5
Evocations     | 1 2 3 |  3.2
Stealth        | |  2.1
Transmutations | |  0.7

Action                   |  1- 3 |  4- 6 |  7- 9 | 10-12 || total
-------------------------+-------+-------+-------+-------++-------
Melee: Short sword       |    21 |       |       |       ||    21
       Hand axe          |    26 |       |       |       ||    26
       Mace              |    14 |       |   142 |    73 ||   229
       Flail             |    10 |   192 |     1 |       ||   203
       Morningstar       |       |       |    97 |       ||    97
 Cast: Sandblast         |    21 |    65 |    32 |    10 ||   128
       Stone Arrow       |       |     1 |   109 |    43 ||   153
       Foxfire           |       |       |     2 |       ||     2
       Conjure Flame     |       |       |     2 |     5 ||     7
Evoke: Wand              |       |       |     3 |     3 ||     6
  Use: Scroll            |       |     7 |     3 |     6 ||    16
 Stab: Sleeping          |     3 |     4 |     4 |       ||    11
Armor: Robe              |    42 |    86 |   128 |    42 ||   298
Dodge: Dodged            |    71 |   232 |   273 |   124 ||   700
